 Dungeon Crawl Stone Soup version 0.29.1-13-g9f3cf754e1 (webtiles) character file.

Game seed: 3105191637272880941

173 Thatpatchoflichen the Shooter (level 5, -4/31 HPs)
             Began as a Deep Elf Hunter on Jan 25, 2023.
             Slain by a bullfrog (7 damage)
             ... in a sewer.
             The game lasted 00:10:15 (3014 turns).

Thatpatchoflichen the Shooter (Deep Elf Hunter)     Turns: 3014, Time: 00:10:15

Health: -4/31      AC:  6    Str: 11    XL:     5   Next: 28%
Magic:  7/7        EV: 29    Int: 14    God:
Gold:   208        SH:  0    Dex: 26    Spells: 4/4 levels left

rFire   . . .      SeeInvis .   a - +0 shortbow
rCold   . . .      Faith    .   (shield currently unavailable)
rNeg    . . .      Spirit   .   c - +0 leather armour
rPois   .          Reflect  .   (no helmet)
rElec   .          Harm     .   m - +0 cloak
rCorr   .          Rampage  .   k - +1 pair of gloves {Str+3}
Will    .....                   (no boots)
Stlth   +++.......              h - amulet of the acrobat
HPRegen 0.10/turn               q - +6 ring of dexterity
MPRegen 0.10/turn               (no ring)

@: acrobatic, flying
A: no striking features
a: no special abilities


You were in a sewer.
You visited 2 branches of the dungeon, and saw 5 of its levels.
You also visited: Sewer.

You collected 208 gold pieces.

Inventory:

Hand Weapons
 a - a +0 shortbow (weapon)
Missiles
 n - a throwing net
 o - 6 javelins
Armour
 c - a +0 leather armour (worn)
 k - a +1 pair of gloves of strength (worn)
 m - a +0 cloak (worn)
Jewellery
 e - an amulet of regeneration
 h - an amulet of the acrobat (around neck)
 q - a +6 ring of dexterity (left hand)
Wands
 t - a wand of mindburst (15)
Scrolls
 b - 2 scrolls of immolation
 g - a scroll of identify {unknown}
 j - 2 scrolls of teleportation {unknown}
 l - 2 scrolls of noise {unknown}
 p - a scroll of vulnerability {unknown}
Potions
 f - a potion of heal wounds
 i - 2 potions of attraction {unknown}
 r - a potion of curing {unknown}
 s - 2 potions of resistance {unknown}


   Skills:
 + Level 2.6 Fighting
 + Level 6.3 Ranged Weapons
 + Level 3.9 Dodging
 + Level 3.5 Stealth


You had 4 spell levels left.
You didn't know any spells.
Your spell library contained the following spells:

 Spells                   Type           Power      Damage    Failure   Level
 Ensorcelled Hibernation  Hex/Ice        0%         N/A       50%         2
 Passwall                 Tmut/Erth      0%         N/A       50%         2
 Dazzling Flash           Conj/Hex       0%         N/A       75%         3
 Swiftness                Air            0%         N/A       75%         3
 Iskenderun's Mystic Bla  Conj/Tloc      0%         2d3       98%         4
 Starburst                Conj/Fire      0%         6d3       100%        6


Dungeon Overview and Level Annotations

Branches:
Dungeon (4/15)             Temple (1/1) D:4           Sewer (1/1)

Altars:
Cheibriados
Dithmenos
Elyvilon
Fedhas
Gozag
Hepliaklqana
Kikubaaqudgha
Makhleb
Okawaru
Qazlal
Trog
Uskayaw
Vehumet
Wu Jian
Xom
Yredelemnul
Zin
The Shining One

Shops:
D:1 (


Message History

The arrow closely misses the frilled lizard.
The bullfrog hits you. x4; The frilled lizard barely misses you.
Fire: a) +0 shortbow
Press: ? - help, Q - select action, (/) - cycle Shift-Dir - straight line, f - bullfrog, p - frilled lizard
Aim: a bullfrog (lightly wounded, 63% to hit)
Okay, then.
The bullfrog attacks as you move away! The bullfrog barely misses you.
The frilled lizard attacks as you move away!
The frilled lizard barely misses you. The bullfrog completely misses you. x2
The bullfrog hits you but does no damage.
The bullfrog misses you.
The frilled lizard completely misses you.
Aiming: Mindburst
Press: ? - help, Shift-Dir - straight line, f - bullfrog, p - frilled lizard
Aim: a bullfrog (chance to affect: 64%)
The bullfrog's mind is blasted!
The bullfrog barely misses you.
The bullfrog hits you but does no damage.
The frilled lizard barely misses you. The bullfrog barely misses you.
Fire: a) +0 shortbow
Press: ? - help, Shift-Dir - straight line, f/p - bullfrog
Aim: a bullfrog (heavily wounded, 63% to hit)
You shoot an arrow. The arrow hits the bullfrog.
The bullfrog is severely wounded.
The bullfrog closely misses you.
The bullfrog hits you but does no damage.
The bullfrog hits you.
* * * LOW HITPOINT WARNING * * *
The frilled lizard barely misses you.
The bullfrog hits you but does no damage.
It was a potion of flight.
You feel very buoyant.
You fly up into the air.
The bullfrog hits you but does no damage.
The bullfrog misses you.
The frilled lizard bites you but does no damage.
The bullfrog hits you.
* * * LOW HITPOINT WARNING * * *
The bullfrog barely misses you. The bullfrog closely misses you.
The bullfrog attacks as you move away! The bullfrog hits you!
You die...

#############
###~~~~~.~.~~.####
~~~~~†~~~~.....~.####
~~~~#########~~~.~~~##
~####~~~~~~.####~~.~~##
##~~~~~†.~~.~~~###.~~~##
†~~.~#######~~~.~##~~~~#
~~~###≈≈≈≈≈###~.~.##.~.##
~.##≈≈.~.≈≈≈ ##~@~~#~~~~#
.##≈~~....~≈ ##FFl##~~~#
~#≈.~.)()..~ #~~.~#..~#
~#~~.?$)..~~ #~~†~#~~~#
~#~~~.$~~~~. #.~~~#~~.#
.#.~~.J~~~~~ ##~.~##~~~#
.#...~.~~~~≈ ##~~~.#.~.~#
~##..#~.~≈≈###~.~.##~~~##
~~#..#######...~.##~~~~#


You could see 2 bullfrogs and a frilled lizard.

Vanquished Creatures
  10 adders
  A worm (D:4)
  A dart slug (D:3)
  11 endoplasms
  9 giant cockroaches
  5 goblins
  A hobgoblin (D:2)
  3 jackals (D:4)
  3 kobolds
  10 quokkas
  7 ball pythons
  A bat (D:3)
  9 frilled lizards
  4 rats
75 creatures vanquished.

Notes
Turn   | Place    | Note
-------+----------+-------------------------------------------
     0 | D:1      | Thatpatchoflichen the Deep Elf Hunter began the quest for
                  | the Orb.
     0 | D:1      | Reached XP level 1. HP: 12/12 MP: 3/3
    39 | D:1      | Found Feoggaen's Antique Weapon Boutique.
   449 | D:1      | Reached XP level 2. HP: 17/17 MP: 4/4
   996 | D:2      | Found an iron altar of Okawaru.
  1024 | D:2      | Reached XP level 3. HP: 21/21 MP: 5/5
  1948 | D:3      | Found a faded altar of an unknown god.
  1951 | D:3      | Reached XP level 4. HP: 26/26 MP: 6/6
  2198 | D:4      | Noticed an ogre
  2276 | D:4      | Reached skill level 6 in Ranged Weapons
  2285 | D:4      | Found a staircase to the Ecumenical Temple.
  2344 | Temple   | Entered the Ecumenical Temple
  2585 | D:4      | Found a glowing drain.
  2598 | Sewer    | Entered a sewer
  2839 | Sewer    | Reached XP level 5. HP: 31/31 MP: 7/7
  3014 | Sewer    | Slain by a bullfrog

Illustrated notes

Levels and vault maps discovered:
D:1:      lemuel_arrival_tunnels, layout_loops_cross, serial_shops, shop_statue,
          minmay_box_of_dots
D:2:      layout_basic, serial_undead, serial_undead_c, serial_undead_c,
          serial_undead_c, serial_undead_c, basic_altar
D:3:      layout_rooms, hellmonk_ecumenical_altar_slurped_away, minmay_rat_hole
D:4:      layout_basic, minmay_temple_entry_mini_moons,
          cheibrodos_sewer_entry_bend, serial_shops, shop
Temple:   compressed_dpeg_triangle_lava_temple
Sewer:    sewer_frog_island_02

Skill      XL: |  1  2  3  4 |
---------------+-------------+-----
Stealth        | 2 3 |  3.5
Fighting       | 2 |  2.6
Dodging        | 3 |  3.9
Ranged Weapons | 6 |  6.3

Action                   |  1- 3 |  4- 6 || total
-------------------------+-------+-------++-------
 Fire: Shortbow          |    81 |   119 ||   200
Evoke: Wand              |       |     1 ||     1
  Use: Potion            |       |     2 ||     2
Armor: Leather armour    |     6 |    27 ||    33
Dodge: Dodged            |    24 |   108 ||   132
